Workbook
Name A: #REF!
Name A: '[1]Урс зар'!#REF!
Name button15: #REF!
Name button15: #REF!

Sheet Cover
N1: Сангийн сайдын 2017 оны 361 дүгээр тушаалын 2 дугаар хавсралт
A5: Регистрийн дугаар: | D5: 2 | E5: 0 | F5: 1 | G5: 1 | H5: 0 | I5: 8 | J5: 5
A7: Хаяг: | B7: Дорнод аймаг, Чулуун хороот сум, Галуут баг
A9: Шуудангийн хаяг: | D9: davaaluv@gmail.com | Q9: "ЭРЭЭНЦАВ" ХУВЬЦААТ КОМПАНИЙ
A11: Утас: | B11: 99080203 | H11: Факс: | Q11: 2026 ОНЫ ЭХНИЙ ХАГАС ЖИЛИЙН САНХҮҮГИЙН ТАЙЛАНГИЙН
A13: Өмчийн хэлбэр: | E13: Төрийн | K13: Хувийн | L13: 100 | Q13: БОДИТ БАЙДЛЫН ТУХАЙ МЭДЭГДЭЛ
U16: 2026 оны 06 сарын 30 өдөр
Q18: Гүйцэтгэх захирал М.Бат, ерөнхий нягтлан бодогч Л.Даваа бид манай аж ахуйн нэгжийн 2026 оны 06-р сарын 30-ний өдрөөр тасалбар болгон гаргасан санхүүгийн тайланд тайлант хугацааны үйл ажиллагааны үр дүн, санхүүгийн байдлыг "Нягтлан бодох бүртгэлийн тухай" хуулийн 17.1 дэх заалтын дагуу үнэн зөв, бүрэн тусгасан болохыг баталж байна. Үүнд:
C22: "ЭРЭЭНЦАВ" ХК-НИЙ
C23: 2026 ОНЫ ЭХНИЙ ХАГАС ЖИЛИЙН | Q23: 1 | R23: Бүх ажил гүйлгээ бодитоор гарсан бөгөөд холбогдох анхан шатны баримтыг үндэслэн нягтлан бодох бүртгэл, санхүүгийн тайланд үнэн зөв тусгасан.
C24: САНХҮҮГИЙН ТАЙЛАН
Q26: 2 | R26: Санхүүгийн тайланд тусгагдсан бүх тооцоолол үнэн хийгдсэн.
Q28: 3 | R28: Аж ахуйн нэгжийн үйл ажиллагааны эдийн засаг, санхүүгийн бүхий л үйл явцыг иж бүрэн хамарсан.
Q31: 4 | R31: Тайлан үеийн үр дүнд өмнөх оны ажил гүйлгээнээс шилжин тусгагдаагүй, мөн тайлант оны ажил гүйлгээнээс орхигдсон зүйл байхгүй.
Q34: 5 | R34: Бүх хөрөнгө, авлага, өр төлбөр, орлого, зардлыг Санхүүгийн тайлагналын олон улсын стандартын дагуу үнэн зөв тусгасан.
Q37: 6 | R37: Энэ тайланд тусгагдсан бүхий л зүйл манай байгууллагын албан ёсны өмчлөлд байдаг бөгөөд орхигдсон зүйл үгүй болно.
S41: Гүйцэтгэх захирал ________________ /М.БАТ/
B42: Хянаж хүлээн авсан байгууллагын нэр | L42: Сар, өдөр | N42: Гарын үсэг
S43: Ерөнхий нягтлан бодогч ________________ /Л.ДАВАА /

Sheet Balance
B2: САНХҮҮГИЙН БАЙДЛЫН ТАЙЛАН
A3: "ЭРЭЭНЦАВ" ХК
A4: /Аж ахуйн нэгж, байгууллагын нэр/
A5: =Cover!$U$16 -> 2026 оны 06 сарын 30 өдөр | D5: /Төгрөгөөр/
A6: Мөрийн дугаар | B6: БАЛАНСЫН ЗҮЙЛ | C6: ҮЛДЭГДЭЛ
C7: Эхний үлдэгдэл /2026.01.01/ | D7: Эцсийн үлдэгдэл /2026.06.30/
A9: А | B9: Б
A10: 1 | B10: ХӨРӨНГӨ
A11: 1.1. | B11: Эргэлтийн хөрөнгө
A12: 1.1.1 | B12: Мөнгө, түүнтэй адилтгах хөрөнгө | C12: 50158 | D12: ='Cash flow'!$D$61 -> 50158
A13: 1.1.2 | B13: Дансны авлага | C13: 47654422 | D13: 45954422
A14: 1.1.3 | B14: Татвар, НДШ-ийн авлага | C14: 4444056.3 | D14: 5340795.5
A15: 1.1.4 | B15: Бусад авлага | C15: 42220000 | D15: 43920000
A16: 1.1.5 | B16: Бусад санхүүгийн хөрөнгө | D16: 0
A17: 1.1.6 | B17: Бараа материал | C17: 67373600 | D17: 67373600
A18: 1.1.7 | B18: Урьдчилж төлсөн зардал/тооцоо
A19: 1.1.8 | B19: Бусад эргэлтийн хөрөнгө
A20: 1.1.9 | B20: Борлуулах зорилгоор эзэмшиж буй эргэлтийн бус хөрөнгө (борлуулах бүлэг хөрөнгө)
A21: 1.1.10
A22: 1.1.11 | B22: Эргэлтийн хөрөнгийн дүн | C22: =SUM(C12:C21) -> 1.6174224e+08 | D22: =SUM(D12:D21) -> 1.6263898e+08
A23: 1.2 | B23: Эргэлтийн бус хөрөнгө
A24: 1.2.1 | B24: Үндсэн хөрөнгө | D24: 557353000
A25: 1.2.2 | B25: Биет бус хөрөнгө
A26: 1.2.3 | B26: Биологийн хөрөнгө
A27: 1.2.4 | B27: Урт хугацаат хөрөнгө оруулалт
A28: 1.2.5 | B28: Хайгуул ба үнэлгээний хөрөнгө
A29: 1.2.6 | B29: Хойшлогдсон татварын хөрөнгө
A30: 1.2.7 | B30: Хөрөнгө оруулалтын зориулалттай үл хөдлөх хөрөнгө
A31: 1.2.8 | B31: Бусад эргэлтийн бус хөрөнгө | C31: 0 | D31: 17521100
A32: 1.2.9 | B32: Үндсэн хөрөнгийн үлдэгдэл өртөг | C32: 574874100
A33: 1.2.10 | B33: Эргэлтийн бус хөрөнгийн дүн | C33: =SUM(C25:C32) -> 574874100 | D33: 574874100
A34: 1.3 | B34: НИЙТ ХӨРӨНГИЙН ДҮН | C34: =+C33+C22 -> 7.3661634e+08 | D34: =+D33+D22 -> 7.3751308e+08
A36: 2 | B36: ӨР ТӨЛБӨР БА ЭЗДИЙН ӨМЧ
A37: 2.1 | B37: Өр төлбөр
A38: 2.1.1 | B38: Богино хугацаат өр төлбөр
A39: 2.1.1.1 | B39: Дансны өглөг | C39: 1.7703844e+08 | D39: 61649400
A40: 2.1.1.2 | B40: Цалингийн өглөг
A41: 2.1.1.3 | B41: Татварын өр | C41: 1066700 | D41: 1066700
A42: 2.1.1.4 | B42: НДШ-ийн өглөг | C42: 867200 | D42: 867200
A43: 2.1.1.5 | B43: Богино хугацаат зээл | C43: 241100400 | D43: 241100400
A44: 2.1.1.6 | B44: Хүүний өглөг
A45: 2.1.1.7 | B45: Ногдол ашгийн өглөг
A46: 2.1.1.8 | B46: Урьдчилж олсон орлого
A47: 2.1.1.9 | B47: Нөөц /өр төлбөр/
A48: 2.1.1.10 | B48: Бусад богино хугацаат өр төлбөр | C48: 22179100 | D48: 1.5476817e+08
A49: 2.1.1.11 | B49: Борлуулах зорилгоор эзэмшиж буй эргэлтийн бус хөрөнгө (борлуулах бүлэг хөр)-д хамаарах өр төлбөр
A50: 2.1.1.12
A51: 2.1.1.13 | B51: Бусад богино хугацаат өр төлбөрийн дүн | C51: =SUM(C39:C50) -> 4.4225184e+08 | D51: =SUM(D39:D50) -> 4.5945187e+08
A52: 2.1.2 | B52: Урт хугацаат өр төлбөр
A53: 2.1.2.1 | B53: Урт хугацаат зээл
A54: 2.1.2.2 | B54: Нөөц /өр төлбөр/
A55: 2.1.2.3 | B55: Хойшлогдсон татварын өр
A56: 2.1.2.4 | B56: Бусад урт хугацаат өр төлбөр
A57: 2.1.2.5
A58: 2.1.2.6 | B58: Урт хугацаат өр төлбөрийн дүн | C58: =SUM(C53:C57) -> 0
A59: 2.2 | B59: Өр төлбөрийн нийт дүн | C59: =C51+C58 -> 4.4225184e+08 | D59: =D51+D58 -> 4.5945187e+08
A60: 2.3 | B60: Эздийн өмч
A61: 2.3.1 | B61: Өмч | C61: =SUM(C62:C64) -> 181600000 | D61: =SUM(D62:D64) -> 181600000
A62: 2.3.1.1 | B62: төрийн
A63: 2.3.1.2 | B63: хувийн | C63: 181600000 | D63: 181600000
A64: 2.3.1.3 | B64: хувьцаат
A65: 2.3.2 | B65: Халаасны хувьцаа
A66: 2.3.3 | B66: Нэмж төлөгдсөн капитал
A67: 2.3.4 | B67: Хөрөнгийн дахин үнэлгээний нэмэгдэл
A68: 2.3.5 | B68: Гадаад валютын хөрвүүлэлтийн нөөц
A69: 2.3.6 | B69: Эздийн өмч бусад хэсэг
A70: 2.3.7 | B70: Хуримтлагдсан ашиг: | C70: 1.3949919e+08 | D70: 96461206
A71: 2.3.8 | B71: Тайлант оны ашиг /+/, алдагдал /-/ | C71: -26734695
A72: 2.3.9 | B72: Эздийн өмчийн дүн | C72: =SUM(C62:C71) -> 2.9436449e+08 | D72: =SUM(D62:D71) -> 2.7806121e+08
A73: 2.4 | B73: ӨР ТӨЛБӨР БА ЭЗДИЙН ӨМЧИЙН ДҮН | C73: =+C59+C72 -> 7.3661634e+08 | D73: =+D59+D72 -> 7.3751308e+08
B74: 1 Актив | D74: =$D$34 -> 7.3751308e+08
B75: 2 Пассив | D75: =$D$73 -> 7.3751308e+08
B76: 3 Зөрүү | D76: =SUM(D74,-D75) -> 0
B79: =Cover!S41 -> Гүйцэтгэх захирал ________________ /М.БАТ/ | C79: =Cover!T41 -> 0 | D79: =Cover!U41 -> 0
B80: =Cover!S42 -> 0 | C80: =Cover!T42 -> 0 | D80: =Cover!U42 -> 0
B81: =Cover!S43 -> Ерөнхий нягтлан бодогч ________________ /Л.ДАВАА / | C81: =Cover!T43 -> 0 | D81: =Cover!U43 -> 0

Sheet Income
B2: ОРЛОГЫН ДЭЛГЭРЭНГҮЙ ТАЙЛАН
A4: "ЭРЭЭНЦАВ" ХК
A5: /Аж ахуйн нэгж, байгууллагын нэр/
A6: =Cover!$U$16 -> 2026 оны 06 сарын 30 өдөр | D6: /Төгрөгөөр/
B7: ҮЗҮҮЛЭЛТ | C7: Эхний үлдэгдэл 2026.01.01 | D7: Эцсийн үлдэгдэл 2026.06.30
A8: 1 | B8: Борлуулалтын орлого (цэвэр)
A9: 2 | B9: Борлуулалтын өртөг
A10: 3 | B10: Нийт ашиг /алдагдал/ | C10: =C8-C9 -> 0 | D10: =D8-D9 -> 0
A11: 4 | B11: Түрээсийн орлого
A12: 5 | B12: Хүүний орлого
A13: 6 | B13: Ногдол ашгийн орлого
A14: 7 | B14: Эрхийн шимтгэлийн орлого
A15: 8 | B15: Бусад орлого
A16: 9 | B16: Борлуулалт, маркетингийн зардал
A17: 10 | B17: Ерөнхий ба удирдлагын зардал | C17: 26734695 | D17: 16303288
A18: 11 | B18: Санхүүгийн зардал
A19: 12 | B19: Бусад зардал
A20: 13 | B20: Гадаад валютын ханшийн зөрүүний олз (гарз)
A21: 14 | B21: Үндсэн хөрөнгө данснаас хассаны олз (гарз)
A22: 15 | B22: Биет бус хөрөнгө данснаас хассаны олз (гарз)
A23: 16 | B23: Хөрөнгө оруулалт борлуулснаас үүссэн олз (гарз)
A24: 17 | B24: Бусад ашиг (алдагдал)
A25: 18 | B25: Татвар төлөхийн өмнөх ашиг (алдагдал) | C25: =C10+C11+C12+C13+C14+C15-C16-C17-C18-C19+C20+C21+C22+C23+C24 -> -26734695 | D25: =D10+D11+D12+D13+D14+D15-D16-D17-D18-D19+D20+D21+D22+D23+D24 -> -16303288
A26: 19 | B26: Орлогын татварын зардал
A27: 20 | B27: Ердийн үйл ажиллагааны татварын дараах ашиг (алдагдал) | C27: =$C$25 -> -26734695 | D27: =$D$25 -> -16303288
A28: =+A27+1 -> 21 | B28: Зогсоосон үйл ажиллагааны татварын дараах ашиг (алд)
A29: =+A28+1 -> 22 | B29: Тайлант үеийн цэвэр ашиг /алдагдал/ | C29: =$C$25 -> -26734695 | D29: =$D$25 -> -16303288
A30: =+A29+1 -> 23 | B30: Бусад дэлгэрэнгүй орлого
B31: 23.1. Хөрөнгийн дахин үнэлгээний нэмэгдлийн зөрүү
B32: 23.2. Гадаад валютын хөрвүүлэлтийн зөрүү
B33: 23.2. Бусад олз (гарз)
A34: 24 | B34: Нийт дэлгэрэнгүй орлогын дүн | C34: =C29+C33 -> -26734695 | D34: =D29+D33 -> -16303288
A35: =+A34+1 -> 25 | B35: Нэгж хувьцаанд ногдох суурь ашиг /алдагдал/
B37: =Balance!B79 -> Гүйцэтгэх захирал ________________ /М.БАТ/
B39: =Balance!B81 -> Ерөнхий нягтлан бодогч ________________ /Л.ДАВАА /

Sheet Equity
C2: ӨМЧИЙН ӨӨРЧЛӨЛТИЙН ТАЙЛАН
B3: =Balance!B3 -> 0 | I3: =Balance!$C$3 -> 0
A4: "ЭРЭЭНЦАВ" ХК
A5: /Аж ахуйн нэгж, байгууллагын нэр/
A6: =Cover!$U$16 -> 2026 оны 06 сарын 30 өдөр | D6: /Төгрөгөөр/
B7: ҮЗҮҮЛЭЛТ | C7: Өмч | D7: Халаасны хувьцаа | E7: Нэмж төлөгдсөн капитал | F7: Хөрөнгийн дахин үнэлгээний нэмэгдэл | G7: Гадаад валютын хөрвүүлэлтийн нөөц | H7: Эзний өмчийн бусад хэсэг | I7: Хуримтлагдсан ашиг | J7: Нийт дүн
A8: 1 | B8: Нягтлан бодох бүртгэлийн бодлогын өөрчлөлтийн нөлөө, алдааны залруулга
A9: 2 | B9: Залруулсан үлдэгдэл | C9: 181600000 | I9: 1.3949919e+08 | J9: 3.2109919e+08
A10: 3 | B10: Тайлант үеийн цэвэр ашиг (алдагдал) | I10: -26734695 | J10: -26734695
A11: 4 | B11: Бусад дэлгэрэнгүй орлого
A12: 5 | B12: Өмчид гарсан өөрчлөлт
A13: 6 | B13: Зарласан ногдол ашиг
A14: 7 | B14: Дахин үнэлгээний нэмэгдлийн хэрэгжсэн дүн
A15: 8 | B15: Эхний үлдэгдэл /төгрөгөөр/ | C15: =SUM(C9:C14) -> 181600000 | D15: =SUM(D8:D14) -> 0 | E15: =SUM(E8:E14) -> 0 | F15: =SUM(F8:F14) -> 0 | H15: =SUM(H8:H14) -> 0 | I15: =SUM(I8:I14) -> 1.1276449e+08 | J15: =SUM(J8:J14) -> 2.9436449e+08
A16: 9 | B16: Нягтлан бодох бүртгэлийн бодлогын өөрчлөлтийн нөлөө, алдааны залруулга
A17: 10 | B17: Залруулсан үлдэгдэл | C17: 181600000 | I17: =SUM(I15) -> 1.1276449e+08
A18: 11 | B18: Тайлант үеийн цэвэр ашиг (алдагдал) | C18: 0 | D18: 0 | E18: 0 | F18: 0 | H18: 0 | I18: =Income!$D$29 -> -16303288 | J18: =SUM(C18:I18) -> -16303288
A19: 12 | B19: Бусад дэлгэрэнгүй орлого
A20: 13 | B20: Өмчид гарсан өөрчлөлт | H20: =Cover!X41 -> 0
A21: 14 | B21: Зарласан ногдол ашиг
A22: 15 | B22: Дахин үнэлгээний нэмэгдлийн хэрэгжсэн дүн
A23: 16 | B23: Эцсийн үлдэгдэл /төгрөгөөр/ | C23: 181600000 | I23: =Balance!$D$70 -> 96461206 | J23: =SUM(C23:I23) -> 2.7806121e+08
B25: Гүйцэтгэх захирал ________________ /М.БАТ/
B27: Ерөнхий нягтлан бодогч ________________ /Л.ДАВАА / | H27: =Cover!X42 -> 0
H28: =Cover!X43 -> 0

Sheet Cash flow
A2: МӨНГӨН ГҮЙЛГЭЭНИЙ ТАЙЛАН
B3: =Balance!B4 -> 0
A4: "ЭРЭЭНЦАВ" ХК
A5: /Аж ахуйн нэгж, байгууллагын нэр/
A6: =Cover!$U$16 -> 2026 оны 06 сарын 30 өдөр | D6: /Төгрөгөөр/
B7: ҮЗҮҮЛЭЛТ | C7: Эхний үлдэгдэл 2026.01.01 | D7: Эцсийн үлдэгдэл 2026.06.30
A8: 1 | B8: Үндсэн үйл ажиллагааны мөнгөн гүйлгээ
A9: 1.1. | B9: Мөнгөн орлогын дүн | C9: =SUM(C10:C15) -> 28479805 | D9: =SUM(D10:D15) -> 17200027
A10: 1.1.1 | B10: Бараа борлуулсан, үйлчилгээ үзүүлсний орлого
A11: 1.1.2 | B11: Эрхийн шимтгэл, хураамж, төлбөрийн орлого
A12: 1.1.3 | B12: Даатгалын нөхвөрөөс хүлээн авсан мөнгө
A13: 1.1.4 | B13: Буцаан авсан албан татвар
A14: 1.1.5 | B14: Татаас, санхүүжилтийн орлого
A15: 1.1.6 | B15: Бусад мөнгөн орлого | C15: 28479805 | D15: 17200027
A16: 1.2 | B16: Мөнгөн зарлагын дүн | C16: =SUM(C17:C25) -> 28463805 | D16: =SUM(D17:D25) -> 5061501
A17: 1.2.1 | B17: Ажиллагчдад төлсөн
A18: 1.2.2 | B18: Нийгмийн даатгалын байгууллагад төлсөн
A19: 1.2.3 | B19: Бараа материал худалдан авахад төлсөн
A20: 1.2.4 | B20: Ашиглалтын зардалд төлсөн
A21: 1.2.5 | B21: Түлш, шатахуун, тээврийн хөлс, сэлбэг хэрэгсэлд төлсөн | C21: 7735243.7 | D21: 4164761.8
A22: 1.2.6 | B22: Хүүний төлбөрт төлсөн
A23: 1.2.7 | B23: Татварын байгууллагад төлсөн | C23: 2933047.8 | D23: 896739.12
A24: 1.2.8 | B24: Даатгалын төлбөрт төлсөн
A25: 1.2.9 | B25: Бусад мөнгөн зарлага | C25: 17795513
A26: 1.3 | B26: Үндсэн үйл ажиллагааны цэвэр мөнгөн гүйлгээний дүн | C26: 16000 | D26: =+D9-D16 -> 12138526
A27: 2 | B27: Хөрөнгө оруулалтын үйл ажиллагааны мөнгөн гүйлгээ
A28: 2.1 | B28: Мөнгөн орлогын дүн (+) | C28: =SUM(C29:C36) -> 0 | D28: =SUM(D29:D36) -> 0
A29: 2.1.1 | B29: Үндсэн хөрөнгө борлуулсны орлого
A30: 2.1.2 | B30: Биет бус хөрөнгө борлуулсны орлого
A31: 2.1.3 | B31: Хөрөнгө оруулалт борлуулсны орлого
A32: 2.1.4 | B32: Бусад урт хугацаат хөрөнгө борлуулсны орлого
A33: 2.1.5 | B33: Бусдад олгосон зээл, мөнгөн урьдчилгааны буцаан төлөлт
A34: 2.1.6 | B34: Хүлээн авсан хүүний орлого
A35: 2.1.7 | B35: Хүлээн авсан ногдол ашиг
A37: 2.2 | B37: Мөнгөн зарлагын дүн (-) | C37: =SUM(C38:C43) -> 0 | D37: =SUM(D38:D43) -> 0
A38: 2.2.1 | B38: Үндсэн хөрөнгө олж эзэмшихэд төлсөн мөнгө
A39: 2.2.2 | B39: Биет бус хөрөнгө олж эзэмшихэд төлсөн мөнгө
A40: 2.2.3 | B40: Хөрөнгө оруулалт олж эзэмшихэд төлсөн мөнгө
A41: 2.2.4 | B41: Бусад урт хугацаат хөрөнгө олж эзэмшихэд төлсөн мөнгө
A42: 2.2.5 | B42: Бусдад олгосон зээл болон урьдчилгаа
A43: 2.2.6
A44: 2.3 | B44: Хөрөнгө оруулалтын үйл ажиллагааны цэвэр мөнгөн гүйлгээ | C44: =C28-C37 -> 0 | D44: =D28-D37 -> 0
A45: 3 | B45: Санхүүгийн үйл ажиллагааны мөнгөн гүйлгээний дүн
A46: 3.1 | B46: Мөнгөн орлогын дүн (+) | C46: =SUM(C47:C50) -> 0 | D46: =SUM(D47:D50) -> 0
A47: 3.1.1 | B47: Зээл авсан, өрийн үнэт цаас гаргаснаас хүлээн авсан
A48: 3.1.2 | B48: Хувьцаа болон өмчийн бусад үнэт цаас гаргаснаас хүлээн авсан
A49: 3.1.3 | B49: Төрөл бүрийн хандив
A50: 3.1.4
A51: 3.2 | B51: Мөнгөн зарлагын дүн (-)
A52: 3.2.1 | B52: Зээл, өрийн үнэт цаасны төлбөрт төлсөн мөнгө
A53: 3.2.2 | B53: Санхүүгийн түрээсийн өглөгт төлсөн
A54: 3.2.3 | B54: Хувьцаа буцаан авахад төлсөн
A55: 3.2.4 | B55: Төлсөн ногдол ашиг
A56: 3.2.5
A57: 3.3 | B57: Санхүүгийн айл ажиллагааны цэвэр мөнгөн гүйлгээний дүн | C57: =C46-C51 -> 0 | D57: =D46-D51 -> 0
A58: 3.4 | B58: Валютын ханшны зөрүү
A59: 4 | B59: Бүх цэвэр мөнгөн гүйлгээ | C59: =C61-C60 -> 16000 | D59: =D26+D44+D57 -> 12138526
A60: 5 | B60: Мөнгө, түүнтэй адилтгах хөрөнгийн эхний үлдэгдэл | C60: 34158 | D60: =C61 -> 50158
A61: 6 | B61: Мөнгө, түүнтэй адилтгах хөрөнгийн эцсийн үлдэгдэл | C61: 50158 | D61: 50158
A62: 7 | B62: 1 БЦМГ /1,3+2,3+3,3+4/ | D62: =D26+D44+D57 -> 12138526
A63: 8 | B63: 2 БЦМГ /6-5/ | D63: =D61-D60 -> 0
A64: 9 | B64: 3 Зөрүү | C64: 0 | D64: =D62-D63 -> 12138526
B65: =Cover!S41 -> Гүйцэтгэх захирал ________________ /М.БАТ/ | C65: =Cover!T41 -> 0 | D65: =Cover!U41 -> 0 | E65: =Cover!V41 -> 0
B66: =Cover!S42 -> 0 | C66: =Cover!T42 -> 0 | E66: =Cover!V42 -> 0
B67: =Cover!S43 -> Ерөнхий нягтлан бодогч ________________ /Л.ДАВАА / | C67: =Cover!T43 -> 0 | D67: =Cover!U43 -> 0 | E67: =Cover!V43 -> 0
B70: Дансны нэрс | D70: ДТ
B71: Мөнгө ба түүнтэй адилтгах хөрөнгө | D71: 959000
B72: Богино хугацаат хөрөнгө оруулалт | D72: 0
B73: Үнэлгээний хасагдуулга | D73: 0
B74: Дансны авлага | D74: 0 | E74: Өгсөн зээл
B75: Найдваргүй авлагын нөөц | D75: 0
B76: Бусад авлага | D76: 0 | E76: Өгсөн зээл
B77: Бараа материал | D77: 266000
B78: Мал амьтад /эргэлтийн/ | D78: 0
B79: Урьдчилж төлсөн зардал/тооцоо | D79: 0
B80: Урьдчилж төлсөн тооцоо | D80: 0
B81: 0 | D81: 0
B82: Үндсэн хөрөнгө | D82: 0 | E82: Õóäàëäñàí óðò õóãàöààò õºðºíãèéí îðëîãî
B83: Хуримтлагдсан элэгдэл. | D83: 0
B84: Бусад үндсэн хөрөнгө | D84: 0
B85: Хуримтлагдсан элэгдэл. БУХ | D85: 0
B86: Дуусаагүй барилга | D86: 0
B87: Мал амьтан /Эргэлтийн бус/ | D87: 0
B88: Биет бус хөрөнгө | D88: 0
B89: Хөрөнгө оруулалт ба бусад хөрөнгө | D89: 0
B90: Үнэлгээний хасагдуулга | D90: 0
B91: 0 | D91: 0
B92: Дансны өглөг | D92: #VALUE! | E92: Байгууллага хувь хүнээс авсан зээл
B93: Цалингийн өглөг | D93: 0
B94: Орлогын татварын өглөг | D94: 0
B95: ХАОАТ-ын өглөг | D95: 0
B96: НӨАТ-ын өглөг | D96: 0
B97: Бусад татварын өглөг | D97: 0
B98: ЭМНД-ийн шимтгэлийн өглөг | D98: 0
B99: Ногдол ашгийн өглөг | D99: 0
B100: Банкны богино хугацаат зээл | D100: 0
B101: Бусад өглөг | D101: 0 | E101: Байгууллага хувь хүнээс авсан зээл
B102: Урьдчилж орсон орлого | D102: 0 | E102: Байгууллага хувь хүнээс авсан зээл
B103: Урт хугацаатай зээлийн хүү | D103: 0 | E103: Байгууллага хувь хүнээс авсан зээл
B104: Урт хугацаат зээл | D104: 0 | E104: Áàíêíààñ àâñàí çýýë
...
